[Event "Early-Titled-Tuesday-Blitz-April-16-2024"]
[Site "Chess.com"]
[Date "2024.04.16"]
[Round "1"]
[White "atalz0"]
[Black "Korchmar_Vasiliy"]
[Result "0-1"]
[WhiteElo "2411"]
[BlackElo "2705"]
[TimeControl "180+1"]
[EndTime "8:05:41 PDT"]
[Termination "Korchmar_Vasiliy won on time"]

1. d4 d5 2. c4 c6 3. e3 Nf6 4. Nc3 e6 5. b3 Bb4 6. Bb2 Ne4 7. Ne2 Qh4 8. g3 Qf6 9. f4 c5 10. Bg2 Nc6 11. O-O Nxc3 12. Nxc3 cxd4 13. Nb5 O-O 14. cxd5 exd5 15. Nxd4 Qe7 16. Qd3 Re8 17. Bxd5 Bh3 18.
Nxc6 bxc6 19. Bxc6 Rad8 20. Bd4 Bxf1 21. Rxf1 Rf8 22.
Be4 g6 23. Qc2 Rc8 24. Qg2 Bc5 25. Rd1 Rfd8 26. Bd5 Bxd4 27. exd4 Qe3+ 28. Kh1 Rc1 0-1

[Event "Early-Titled-Tuesday-Blitz-April-16-2024"]
[Site "Chess.com"]
[Date "2024.04.16"]
[Round "1"]
[White "FREDERICKtheMATE"]
[Black "WiktoriaPOL"]
[Result "1-0"]
[WhiteElo "2679"]
[BlackElo "2382"]
[TimeControl "180+1"]
[EndTime "8:05:41 PDT"]
[Termination "FREDERICKtheMATE won by resignation"]

1. d4 Nf6 2. c4 g6 3. Nc3 Bg7 4.
e4 d6 5. Nf3 O-O 6. Be2 e5 7.
Be3 Nc6 8. d5 Ne7 9. Nd2 Ne8 10.
f3 f5 11. Qc2 f4 12. Bf2 g5 13. h3 Ng6 14. b4 Nf6 15. c5 c6 16. dxc6 bxc6 17.
cxd6 Ne8 18. Nc4 Be6 19. Bc5 Rf7 20. O-O-O Rd7 21. Rd2 Bf8 22. Rhd1 Kg7 23. Na4 Qf6 24. Nab2 Nh8 25. Nxe5 Rxd6 26. Bxd6 Bxd6 27. Nxc6 Rc8 28. b5 Bb4 29. Rd4 Bxa2 30. Rxb4 1-0

[Event "Early-Titled-Tuesday-Blitz-April-16-2024"]
[Site "Chess.com"]
[Date "2024.04.16"]
[Round "1"]
[White "lupta_robin"]
[Black "mertfelin"]
[Result "1-0"]
[WhiteElo "2592"]
[BlackElo "2231"]
[TimeControl "180+1"]
[EndTime "8:05:41 PDT"]
[Termination "lupta_robin won by resignation"]

1. b3 d5 2. Bb2 Nf6 3. Nf3 e6 4. e3 Be7 5. c4 O-O 6. Nc3 c5 7.
cxd5 exd5 8. d4 Nc6 9. Be2 Ne4 10. O-O Bf6 11. Na4 Bg4 12. dxc5 Bxb2 13. Nxb2 Nc3 14. Qd2 Nxe2+ 15. Qxe2 Ne5 16. Nd3 Nxf3+ 17. gxf3 Bh3 18.
Nf4 Bxf1 19. Rxf1 Rc8 20. b4 Re8 21. Rd1 Qg5+ 22. Ng2 a6 23. h4 Qe5 24. Qd2 Red8 25.
Nf4 Qf6 26. h5 h6 27. Kf1 Qe5 28. Nxd5 Rd7 29. Nf6+ Qxf6 30. Qxd7 Rc6 31. Qd8+ Qxd8 32. Rxd8+ Kh7 33. Rd7 b6 34. Rd6 1-0

[Event "Early-Titled-Tuesday-Blitz-April-16-2024"]
[Site "Chess.com"]
[Date "2024.04.16"]
[Round "1"]
[White "JonasEilenberg"]
[Black "MikhailBLR"]
[Result "1-0"]
[WhiteElo "2620"]
[BlackElo "2315"]
[TimeControl "180+1"]
[EndTime "8:05:42 PDT"]
[Termination "JonasEilenberg won by resignation"]

1. d4 Nf6 2. c4 c5 3. d5 b5 4. Qc2 bxc4 5. e4 d6 6. Bxc4 g6 7. Nc3 Bg7 8. Nf3 O-O 9. a4 Ba6 10. Nb5 Nbd7 11. O-O Nb6 12. Be2 Rb8 13. Bd2 Qd7 14. b3 Rfc8 15. Bc4 Nxc4 16. bxc4 Rb7 17. Bc3 Ng4 18. Bxg7 Kxg7 19. Qc3+ f6 20. Ng5 Nh6 21.
Ne6+ Kg8 22. f4 Nf7 23. h4 Rb6 24. h5 Nd8 25. hxg6 hxg6 26. f5 Nxe6 27. dxe6 Qe8 28. Rf3 g5 29. Rh3 Kg7 30. Kf2 Bb7 31. Rah1 Qg8 32.
Rh6 Kf8 33. Rh8 Kg7 34. Rxg8+ Rxg8 35. Qh3 1-0

[Event "Early-Titled-Tuesday-Blitz-April-16-2024"]
[Site "Chess.com"]
[Date "2024.04.16"]
[Round "1"]
[White "IsmaelAmadorGarcia"]
[Black "ChessRespected"]
[Result "0-1"]
[WhiteElo "2313"]
[BlackElo "2625"]
[TimeControl "180+1"]
[EndTime "8:05:43 PDT"]
[Termination "ChessRespected won by resignation"]

1. e4 e5 2. Nf3 Nc6 3. Bb5 a6 4. Ba4 b5 5. Bb3 Nf6 6. Ng5 d5 7. exd5 Nd4 8. Nc3 h6 9. Nge4 Nxe4 10. Nxe4 Nxb3 11. axb3 Qxd5 12. d3 Bb7 13. O-O Be7 14.
Qg4 g6 15. Qg3 Rg8 16. Bd2 f5 17. Nc3 Qc6 18. Rae1 O-O-O 19. Rc1 Bd6 20. Qh3 Kb8 21.
f3 Rdf8 22. Kh1 g5 23. Qxh6 e4 24. h3 exf3 25. Rxf3 g4 26. hxg4 Rh8 27. g5 Rxh6+ 28. gxh6 Qd7 29. Rf2 Qf7 0-1

[Event "Early-Titled-Tuesday-Blitz-April-16-2024"]
[Site "Chess.com"]
[Date "2024.04.16"]
[Round "1"]
[White "Zavgorodniy_Sergiy"]
[Black "Heinza9"]
[Result "1/2-1/2"]
[WhiteElo "2615"]
[BlackElo "2325"]
[TimeControl "180+1"]
[EndTime "8:05:43 PDT"]
[Termination "Game drawn by repetition"]

1. d4 f5 2. c4 Nf6 3. Nf3 d6 4. g3 g6 5. Bg2 Bg7 6. O-O O-O 7. Nc3 Qe8 8. d5 a5 9. Rb1 Na6 10. Nd4 Bd7 11. b3 c6 12. Bb2 Nc5 13. Ba1 Rd8 14. e3 e5 15. dxe6 Nxe6 16. Nxe6 Bxe6 17. Qe2 d5 18. cxd5 Nxd5 19. Nxd5 Bxd5 20. Bxg7 Kxg7 21.
Bxd5 Rxd5 22. Rfd1 Qe4 23. h4 Rfd8 24. Rxd5 Qxd5 25. Qb2+ Kg8 26. Qf6 Rd6 27. Qb2 h6 28. Rc1 g5 29. hxg5 hxg5 30. Qc3 b5 31. Qxa5 Rh6 32.
e4 fxe4 33. Qa8+ Kf7 34. Qb7+ Kg8 35. Qc8+ Kg7 36. Qc7+ Kg8 37. Qc8+ Kg7 38. Qc7+ Kg8 39. Qb8+ Kg7 40. Qb7+ Kg8 41. Qc8+ 1/2-1/2

[Event "Early-Titled-Tuesday-Blitz-April-16-2024"]
[Site "Chess.com"]
[Date "2024.04.16"]
[Round "1"]
[White "Ramil_Faizrakhmanov"]
[Black "BashiqChess"]
[Result "1-0"]
[WhiteElo "2904"]
[BlackElo "2502"]
[TimeControl "180+1"]
[EndTime "8:05:44 PDT"]
[Termination "Ramil_Faizrakhmanov won on time"]

1. d4 d5 2. c4 e6 3. Nf3 a6 4. Bg5 Be7 5. Bxe7 Nxe7 6. Nbd2 O-O 7. g3 c5 8. dxc5 Nbc6 9. Bg2 Qa5 10. O-O dxc4 11. Nxc4 Qxc5 12. Rc1 Rd8 13. Qc2 Qa7 14. Rfd1 Bd7 15. Ng5 Nf5 16. e3 h6 17. Ne4 Be8 18.
Ned6 Nxd6 19. Nxd6 Rab8 20. Nxe8 Rxe8 21. Bxc6 bxc6 22. Qxc6 Rec8 23. Qxc8+ Rxc8 24. Rxc8+ Kh7 25. b3 Qb7 26. Rdc1 Kg6 27. h4 h5 28. R8c3 Qf3 29.
b4 Kf5 30. Rc4 e5 31. a4 e4 32. R1c2 1-0

[Event "Early-Titled-Tuesday-Blitz-April-16-2024"]
[Site "Chess.com"]
[Date "2024.04.16"]
[Round "1"]
[White "Navyblue1"]
[Black "karinachess1"]
[Result "0-1"]
[WhiteElo "2279"]
[BlackElo "2608"]
[TimeControl "180+1"]
[EndTime "8:05:44 PDT"]
[Termination "karinachess1 won on time"]

1. d4 Nf6 2. c4 e6 3. Nf3 d5 4. Nc3 Bb4 5. Bd2 O-O 6. e3 c5 7. cxd5 exd5 8. dxc5 Bxc5 9. Be2 Nc6 10. O-O Bg4 11.
Rc1 a6 12. h3 Bh5 13. Na4 Bd6 14.
Nc5 Qb6 15. Na4 Qc7 16. Be1 Rac8 17. Nc3 Rfd8 18. Qb3 Qe7 19. Bd2 b5 20. Rfd1 Na5 0-1

[Event "Early-Titled-Tuesday-Blitz-April-16-2024"]
[Site "Chess.com"]
[Date "2024.04.16"]
[Round "1"]
[White "pfalcon1949"]
[Black "LiadCuba"]
[Result "1-0"]
[WhiteElo "1919"]
[BlackElo "2532"]
[TimeControl "180+1"]
[EndTime "8:05:52 PDT"]
[Termination "pfalcon1949 won by checkmate"]

1. e4 c5 2. Nf3 d6 3. d4 cxd4 4. Nxd4 Nf6 5. Nc3 a6 6. h3 e5 7.
Nf3 Be7 8. g4 Be6 9. g5 Nfd7 10.
h4 Nc6 11. Be3 Qc7 12. Qd2 O-O-O 13. O-O-O Kb8 14. Kb1 Rc8 15. h5 Nb6 16. Nd5 Bxd5 17. exd5 Nb4 18. Bxb6 Qxb6 19. c3 e4 20. Nh4 Rxc3 21.
Qxc3 Bxg5 22. Qxg7 Qd8 23. Nf5 Bf6 24. Qg3 Be5 25.
Qb3 a5 26. a3 Nd3 27. Bxd3 exd3 28. Rxd3 Qf6 29. Rf3 Rc8 30. Rc1 Rxc1+ 31. Kxc1 Qg5+ 32.
Kb1 Qxh5 33. Ng3 Qg6+ 34. Ka2 h5 35. Qb5 h4 36. Rb3 Kc8 37. Qxb7+ Kd8 38. Qa7 hxg3 39. Rb8# 1-0

[Event "Early-Titled-Tuesday-Blitz-April-16-2024"]
[Site "Chess.com"]
[Date "2024.04.16"]
[Round "1"]
[White "Dixit_Nikhil"]
[Black "MAGMAchess02"]
[Result "1-0"]
[WhiteElo "2599"]
[BlackElo "2235"]
[TimeControl "180+1"]
[EndTime "8:05:57 PDT"]
[Termination "Dixit_Nikhil won on time"]

1. e4 d6 2. d4 Nf6 3. Nc3 e5 4. dxe5 dxe5 5. Qxd8+ Kxd8 6. Bg5 Be6 7. O-O-O+ Nd7 8.
Nf3 Kc8 9. Bh4 c6 10. Bg3 Bb4 11. Bd3 Bxc3 12. bxc3 Bxa2 13. Nxe5 Nxe5 14. Bxe5 Be6 15. f3 Nd7 16. Bxg7 Rg8 17. Bd4 Rxg2 18. Rhg1 Rxg1 19. Rxg1 Kc7 20. Rg7 a5 21. f4 c5 22. Be3 c4 23.
Be2 f5 24. Rxh7 fxe4 25. Rh6 Bd5 26. f5 a4 27. Bf4+ Kd8 28. Rh8+ Ke7 29. Rxa8 Nb6 30.
Ra5 1-0

[Event "Early-Titled-Tuesday-Blitz-April-16-2024"]
[Site "Chess.com"]
[Date "2024.04.16"]
[Round "1"]
[White "a-z30"]
[Black "WoolworthsManly"]
[Result "0-1"]
[WhiteElo "2392"]
[BlackElo "2691"]
[TimeControl "180+1"]
[EndTime "8:05:58 PDT"]
[Termination "WoolworthsManly won on time"]

1. d4 Nf6 2. c4 Nc6 3. Nf3 d6 4. Nc3 e5 5. d5 Ne7 6. e4 Ng6 7. g3 h5 8. h4 Bg4 9. Be2 Be7 10. Ng5 Qd7 11. f3 Be6 12. dxe6 fxe6 13. c5 d5 14. exd5 exd5 15. Qc2 Nf8 16. b4 a5 17. Bb5 c6 18.
Bd3 Rh6 19. Na4 Qc7 20. Nb6 Rd8 21. a3 e4 22. fxe4 Qxg3+ 23. Kf1 Ng4 24. Qe2 Rf6+ 0-1

[Event "Early-Titled-Tuesday-Blitz-April-16-2024"]
[Site "Chess.com"]
[Date "2024.04.16"]
[Round "1"]
[White "Pedrada88"]
[Black "aanshnerurkar"]
[Result "0-1"]
[WhiteElo "2579"]
[BlackElo "2312"]
[TimeControl "180+1"]
[EndTime "8:05:58 PDT"]
[Termination "aanshnerurkar won by checkmate"]

1. d4 Nf6 2. Nf3 d5 3. Bf4 c5 4. e3 Nc6 5. c3 Qb6 6. Qc2 Bf5 7. Qb3 c4 8. Qxb6 axb6 9. Na3 e6 10. Nb5 Kd7 11.
a4 h6 12. h3 Bc2 13. Bc7 Rxa4 14. Rc1 Ra5 15. Rxc2 Rxb5 16. Bh2 Bd6 17. Ne5+ Bxe5 18. dxe5 Ne4 19. f3 Nc5 20. Be2 Ra8 21. Kd2 Nb3+ 22. Ke1 Ra1+ 23. Bd1 Nc1 24. e4 Nd3+ 25. Kd2 Ncxe5 26.
f4 Nc6 27. f5 dxe4 28. fxe6+ fxe6 29. Rf1 Rf5 30. Rxf5 exf5 31. g4 f4 32. g5 hxg5 33. Bg4+ Ke7 34. Ke2 Rh1 35. Bg3 fxg3 36. Kd2 Rh2+ 37. Ke3 Rxc2 38. b4 g2 39. Kxe4 g1=Q 40. Kf5 Qg3 41. b5 Qf4+ 42. Kg6 Nce5+ 43. Kh5 Qf6 44. Bf5 Qh6# 0-1

[Event "Early-Titled-Tuesday-Blitz-April-16-2024"]
[Site "Chess.com"]
[Date "2024.04.16"]
[Round "1"]
[White "NikitaShnadrygin"]
[Black "RamonManon0g"]
[Result "1-0"]
[WhiteElo "2732"]
[BlackElo "2424"]
[TimeControl "180+1"]
[EndTime "8:05:59 PDT"]
[Termination "NikitaShnadrygin won by resignation"]

1. e4 c5 2. Nf3 d6 3. d4 cxd4 4. Nxd4 Nf6 5. Nc3 a6 6. Bg5 e6 7. f4 Be7 8. Qf3 Qc7 9. O-O-O Nbd7 10. g4 h6 11. Bxf6 Bxf6 12. Bg2 O-O 13. h4 Bxd4 14. Rxd4 e5 15. Rd2 exf4 16. Qxf4 Ne5 17. Nd5 Qa5 18. a3 Bxg4 19. Ne7+ Kh8 20. Rxd6 Kh7 21. Rd5 Qc7 22. Qxe5 Qxe5 23. Rxe5 Be6 24. Nd5 Rfd8 25. Bh3 Bxh3 26. Rxh3 Rac8 27. Rf3 f6 28. Re7 Rc4 29. Rg3 Rg8 30.
Nxf6+ 1-0

[Event "Early-Titled-Tuesday-Blitz-April-16-2024"]
[Site "Chess.com"]
[Date "2024.04.16"]
[Round "1"]
[White "LeninGuerra"]
[Black "Bulatova_Kamaliya"]
[Result "1-0"]
[WhiteElo "2801"]
[BlackElo "2443"]
[TimeControl "180+1"]
[EndTime "8:06:00 PDT"]
[Termination "LeninGuerra won by checkmate"]

1. e4 c5 2. Nf3 d6 3. b4 b6 4. bxc5 bxc5 5. c3 Nf6 6. Bd3 Nbd7 7. O-O g6 8. Re1 Bb7 9. Bc2 Bg7 10. d4 O-O 11.
Nbd2 cxd4 12. cxd4 Rc8 13. Bb3 Qb6 14. Bb2 Ba6 15. e5 dxe5 16. dxe5 Ng4 17. Bd4 Qb7 18. e6 Nc5 19. exf7+ Kh8 20. Bxg7+ Kxg7 21. h3 Nxf2 22.
Kxf2 Nd3+ 23. Kg1 Qb6+ 24. Kh2 Qd6+ 25. g3 Nxe1 26. Qxe1 Rc3 27. Rd1 Qc7 28. Qe4 Bb7 29. Qd4+ Kh6 30. Ne5 g5 31. Ng4+ Kh5 32. Nf1 Qd6 33.
Qxd6 exd6 34. Rxd6 Rf3 35. Rh6# 1-0

[Event "Early-Titled-Tuesday-Blitz-April-16-2024"]
[Site "Chess.com"]
[Date "2024.04.16"]
[Round "1"]
[White "MaxLeto"]
[Black "ulises2013"]
[Result "0-1"]
[WhiteElo "2405"]
[BlackElo "2705"]
[TimeControl "180+1"]
[EndTime "8:06:00 PDT"]
[Termination "ulises2013 won on time"]

1. a3 g6 2. b3 Bg7 3. c3 c5 4. d3 d5 5. e3 Nc6 6. f3 e5 7. g3 Nge7 8. h3 O-O 9. Bb2 Be6 10.
Bg2 Qd7 11. Ne2 f5 12. Nd2 Rae8 13. Qc2 a6 14. O-O-O b5 15. Kb1 Qd6 16. e4 d4 17.
c4 b4 18. a4 Rf7 19. h4 Ref8 20. h5 g5 21. exf5 Nxf5 22. Ne4 Qe7 23. h6 Nxh6 24. g4 Kh8 25. Rh5 Nd8 26. Rdh1 Rf6 27. Bc1 Rg6 28.
Bxg5 Rxg5 29. Nxg5 Rf6 30. Ne4 Rg6 31. Qd2 Ndf7 32.
N2g3 Kg8 33. Kc2 a5 34. R1h2 Qf8 35. Rh1 Bc8 36. Ng5 Nd8 37. N3e4 Bd7 38. Nxh7 Kxh7 39.
g5 Ne6 40. gxh6 Bf6 41. Bh3 Kh8 42. Bxe6 Bxe6 43. h7 Bg7 44. Qh2 Qxf3 45. Rxe5 Rg2+ 46. Qxg2 Qxg2+ 47. Nd2 Bxe5 48. Re1 Bf4 49. Rd1 Bg4 0-1

[Event "Early-Titled-Tuesday-Blitz-April-16-2024"]
[Site "Chess.com"]
[Date "2024.04.16"]
[Round "1"]
[White "AlphaGoosee"]
[Black "PonyQueen07"]
[Result "1-0"]
[WhiteElo "2576"]
[BlackElo "2184"]
[TimeControl "180+1"]
[EndTime "8:06:00 PDT"]
[Termination "AlphaGoosee won by checkmate"]

1. e4 c5 2. Nf3 Nc6 3. d4 cxd4 4. Nxd4 Nf6 5. Nc3 e5 6. Ndb5 d6 7. Nd5 Nxd5 8. exd5 Nb8 9. a4 a6 10. Nc3 Be7 11.
Be2 O-O 12. O-O f5 13. f4 e4 14. Be3 Nd7 15. a5 Bf6 16. Na4 Re8 17. Qd2 Nf8 18. c4 Bd7 19. Nb6 Rb8 20. Rac1 Qe7 21.
b4 h6 22. c5 dxc5 23. bxc5 Red8 24. Qa2 Kh8 25. Bxa6 bxa6 26. c6 Bxc6 27. dxc6 Ne6 28. Nd5 Qd6 29. c7 Nxc7 30. Nxc7 Rdc8 31. Nd5 Rd8 32. Nxf6 Qxf6 33. Rfd1 Rd3 34. Bb6 Rxd1+ 35. Rxd1 Kh7 36. Qd5 Qg6 37. g3 e3 38. Re1 e2 39.
Rxe2 Rc8 40. Qe6 Rc1+ 41. Kg2 Qg4 42. h3 Qh5 43. Re5 Rc2+ 44. Bf2 Qd1 45. Qxf5+ Kg8 46. Re8# 1-0

[Event "Early-Titled-Tuesday-Blitz-April-16-2024"]
[Site "Chess.com"]
[Date "2024.04.16"]
[Round "1"]
[White "KanalSzachowy"]
[Black "tsaruk_maks"]
[Result "0-1"]
[WhiteElo "2419"]
[BlackElo "2722"]
[TimeControl "180+1"]
[EndTime "8:06:02 PDT"]
[Termination "tsaruk_maks won by resignation"]

1. e4 e5 2. Nf3 Nc6 3. Bc4 Bc5 4. c3 Nf6 5. d4 exd4 6. cxd4 Bb4+ 7. Nbd2 Bxd2+ 8. Bxd2 Nxe4 9. d5 Ne7 10. Bb4 a5 11. d6 axb4 12. dxe7 Qxe7 13. O-O c6 14. Re1 d5 15. Bxd5 cxd5 16. Qxd5 f5 17. Nd4 Ra6 18. Rac1 Qd7 19. Qe5+ Kd8 20. Red1 Re8 21. Ne6+ Raxe6 22. Rxd7+ Bxd7 23. Qc7+ Ke7 24. f3 Nd6 25. Kf2 Rc8 0-1

[Event "Early-Titled-Tuesday-Blitz-April-16-2024"]
[Site "Chess.com"]
[Date "2024.04.16"]
[Round "1"]
[White "cansun"]
[Black "The_Sherman_Variation"]
[Result "0-1"]
[WhiteElo "2417"]
[BlackElo "2716"]
[TimeControl "180+1"]
[EndTime "8:06:02 PDT"]
[Termination "The_Sherman_Variation won by checkmate"]

1. d4 Nf6 2. c4 g6 3. Nc3 Bg7 4. e4 d6 5. f3 O-O 6. Be3 e5 7. Nge2 Nc6 8. d5 Ne7 9. Qd2 Ne8 10. g4 c5 11. O-O-O a6 12. Ng3 Bd7 13. Kb1 b5 14.
cxb5 axb5 15. Bxb5 Bxb5 16. Nxb5 Qb6 17. Nc3 Nc7 18. h4 Rfb8 19. h5 Nb5 20. Nxb5 Qxb5 21. hxg6 fxg6 22. Rh2 Qa4 23. a3 Qxa3 24. Qd3 Qa1+ 25.
Kc2 Qxb2# 0-1

[Event "Early-Titled-Tuesday-Blitz-April-16-2024"]
[Site "Chess.com"]
[Date "2024.04.16"]
[Round "1"]
[White "kecalk"]
[Black "AryanTari"]
[Result "0-1"]
[WhiteElo "2510"]
[BlackElo "2934"]
[TimeControl "180+1"]
[EndTime "8:06:03 PDT"]
[Termination "AryanTari won by resignation"]

1. d4 d5 2. c4 e6 3. Nc3 Nf6 4. cxd5 exd5 5. Bg5 Be6 6. e3 Nbd7 7. Bd3 c6 8. Nge2 h6 9. Bh4 Bd6 10. Bg3 Qb8 11.
O-O Nh5 12. Bxd6 Qxd6 13. b4 O-O 14. b5 c5 15. dxc5 Nxc5 16. Nd4 Nf6 17. Be2 Rac8 18. Rc1 Rc7 19. Bf3 Rfc8 20. Qd2 Ncd7 21. Nce2 Ne5 22. Nf4 Bd7 23. Be2 Ne4 24. Qb2 Nc3 25. Rfe1 Rc5 26. Nd3 Nxe2+ 0-1

[Event "Early-Titled-Tuesday-Blitz-April-16-2024"]
[Site "Chess.com"]
[Date "2024.04.16"]
[Round "1"]
[White "Aminazinas"]
[Black "SpongeBob_03"]
[Result "0-1"]
[WhiteElo "2570"]
[BlackElo "2234"]
[TimeControl "180+1"]
[EndTime "8:06:03 PDT"]
[Termination "SpongeBob_03 won by checkmate"]

1. e4 c5 2. Nc3 g6 3. f4 Bg7 4. Nf3 Nc6 5. Bc4 e6 6. O-O Nge7 7. d3 O-O 8. Qe1 d5 9. Bb3 a6 10. a4 Re8 11. f5 exf5 12. Nxd5 Nxd5 13. Bxd5 fxe4 14.
dxe4 Be6 15. Bxe6 Rxe6 16. Ng5 Re7 17. c3 h6 18. Nf3 Qe8 19. Qf2 Rxe4 20. Qxc5 Rd8 21.
Bd2 Ne5 22. Nxe5 Rxe5 23. Qf2 Re2 24. Rae1 Rdxd2 25. Rxe2 Rxe2 26. Qb6 Qe4 27. Rf3 Re1+ 28. Kf2 Qe2+ 29. Kg3 Be5+ 30. Kh3 Rh1 31. Qd8+ Kg7 32. Rxf7+ Kxf7 33. Qd7+ Kf6 34. Qd8+ Kf5 35. Qd7+ Ke4 36. Qxb7+ Ke3 37. Qb6+ Kd2 38. Qd8+ Qd3+ 39. Qxd3+ Kxd3 40. b4 Rxh2+ 41. Kg4 Rxg2+ 42. Kh4 g5+ 43. Kh5 Rh2+ 44. Kg4 Bf4 45. b5 h5+ 46. Kf5 axb5 47. axb5 Kxc3 48. b6 Rb2 49. Kg6 Rxb6+ 50. Kxh5 Kd4 51. Kg4 Ke5 52. Kh5 Ke4 53. Kg4 Rb8 54. Kh5 Rh8+ 55. Kg4 Rh4# 0-1

[Event "Early-Titled-Tuesday-Blitz-April-16-2024"]
[Site "Chess.com"]
[Date "2024.04.16"]
[Round "1"]
[White "Vasily_IM"]
[Black "osielchesslover2011"]
[Result "1-0"]
[WhiteElo "2565"]
[BlackElo "2077"]
[TimeControl "180+1"]
[EndTime "8:06:04 PDT"]
[Termination "Vasily_IM won on time"]

1. d4 Nf6 2. c4 g6 3. Nc3 Bg7 4. e4 d6 5. Be2 O-O 6. Nf3 e5 7. Be3 Nc6 8. d5 Ne7 9. Nd2 Nd7 10. b4 f5 11. f3 f4 12. Bf2 Nf6 13. c5 g5 14. Nc4 Ng6 15. cxd6 cxd6 16. Nb5 Ne8 17. Bxa7 h5 18. h3 Rf7 19. Bb6 Qf6 20. a4 Bd7 21.
Bf2 Bxb5 22. axb5 Rxa1 23. Qxa1 Nh4 24. Qa8 Rf8 25. Bxh4 gxh4 26. Qxb7 Qg5 27. O-O Qg3 28. Rf2 Bf6 29. Bf1 Qg7 30. Qxg7+ Bxg7 31. b6 Rf7 32. Na5 Nf6 33. Rc2 Rf8 34. b7 Nd7 35. Rc8 Bf6 36.
Nc6 1-0

[Event "Early-Titled-Tuesday-Blitz-April-16-2024"]
[Site "Chess.com"]
[Date "2024.04.16"]
[Round "1"]
[White "GoltsevDmitry2000"]
[Black "stasOR4ik"]
[Result "1-0"]
[WhiteElo "2784"]
[BlackElo "2442"]
[TimeControl "180+1"]
[EndTime "8:06:05 PDT"]
[Termination "GoltsevDmitry2000 won by checkmate"]

1. e4 e6 2. d4 d5 3. exd5 exd5 4. Nf3 Bd6 5. c4 dxc4 6. Bxc4 Nf6 7. Nc3 O-O 8. O-O h6 9. Qd3 c6 10. Re1 Na6 11. a3 Nc7 12. Bxh6 Be6 13. Bg5 Be7 14. Ne5 Nfd5 15. Bxe7 Qxe7 16. Ne4 Nf4 17. Qf3 Bxc4 18.
Qxf4 Bd5 19. Ng3 Ne6 20. Qg4 Rad8 21. Nf5 Qf6 22. Re3 g6 23. Rg3 Nxd4 24. Nh6+ Kg7 25. Qxd4 Be6 26. Qe3 Rd5 27. Nhg4 Bxg4 28. Nxg4 Qxb2 29.
Re1 Rfd8 30. Qh6+ Kg8 31. Rge3 Rf8 32. Re8 Qg7 33. Nf6+ Qxf6 34. Rxf8# 1-0

[Event "Early-Titled-Tuesday-Blitz-April-16-2024"]
[Site "Chess.com"]
[Date "2024.04.16"]
[Round "1"]
[White "HajiyevKanan"]
[Black "Aleksandar-Topalov"]
[Result "1-0"]
[WhiteElo "2629"]
[BlackElo "2326"]
[TimeControl "180+1"]
[EndTime "8:06:07 PDT"]
[Termination "HajiyevKanan won on time"]

1. d4 e6 2. Nf3 f5 3. c4 Nf6 4. g3 Be7 5. Bg2 O-O 6. O-O d6 7. b3 Ne4 8. Bb2 Bf6 9. Nbd2 Nc6 10. e3 Nxd2 11. Qxd2 e5 12. dxe5 dxe5 13. Qd5+ Kh8 14.
Rfd1 Qe7 15. a4 Nb4 16. Qd2 a5 17. Bc3 f4 18. exf4 exf4 19. Re1 Qf7 20. Ne5 Bxe5 21. Rxe5 f3 22. Bf1 Bf5 23. Qg5 Qg6 24. Qxg6 Bxg6 25. Rxa5 Rxa5 26. Bxb4 Raa8 27. Bxf8 Rxf8 28. Rc1 Rd8 29.
Rc3 Bh5 30. h3 Rd1 31. g4 Bg6 32. Rxf3 1-0

[Event "Early-Titled-Tuesday-Blitz-April-16-2024"]
[Site "Chess.com"]
[Date "2024.04.16"]
[Round "1"]
[White "viktorskliarov"]
[Black "BenchGM"]
[Result "1-0"]
[WhiteElo "2623"]
[BlackElo "2314"]
[TimeControl "180+1"]
[EndTime "8:06:07 PDT"]
[Termination "viktorskliarov won by resignation"]

1. e4 c5 2. Nf3 e6 3. d4 cxd4 4. Nxd4 Nc6 5. Nc3 Qc7 6. Be2 Nf6 7. O-O Be7 8. Kh1 a6 9. f4 d6 10. Be3 O-O 11. Qe1 Nxd4 12. Bxd4 e5 13. fxe5 dxe5 14.
Qg3 Nd7 15. Nd5 Qd6 16. Nxe7+ Qxe7 17. Be3 Kh8 18. Rad1 Nc5 19. Rd5 Nxe4 20. Qxe5 Qxe5 21. Rxe5 Nf6 22. Bc5 Rd8 23. Be7 Rd2 24. Rxf6 gxf6 25. Bxf6+ 1-0

[Event "Early-Titled-Tuesday-Blitz-April-16-2024"]
[Site "Chess.com"]
[Date "2024.04.16"]
[Round "1"]
[White "dvglko"]
[Black "AlexKhripachenko"]
[Result "0-1"]
[WhiteElo "2462"]
[BlackElo "2816"]
[TimeControl "180+1"]
[EndTime "8:06:08 PDT"]
[Termination "AlexKhripachenko won on time"]

1. e4 c5 2. Nf3 e6 3. d3 Nc6 4. g3 Nf6 5. Bg2 d6 6. O-O Be7 7. Re1 O-O 8. Nc3 e5 9. h3 h6 10. Be3 Be6 11. Kh2 Re8 12. Qd2 Bf8 13. Nh4 d5 14. exd5 Nxd5 15. Nxd5 Bxd5 16. Qc3 Rc8 17.
Bxd5 Qxd5 18. Qb3 Qd7 19. Nf3 b6 20. a3 g6 21. Nh4 Kh7 22. Rf1 Bg7 23. Rae1 Rcd8 24.
Nf3 Qf5 25. Nd2 Qd7 26. Qa4 f5 27. Nc4 g5 28. f4 gxf4 29. gxf4 e4 30. Rd1 Qe6 31.
Rg1 exd3 32. cxd3 Nd4 33. Bxd4 Bxd4 34. Qxa7+ Rd7 35. Qxb6 Bxg1+ 36. Rxg1 Qxb6 37. Nxb6 Rxd3 38. Na4 c4 39. Rc1 Re2+ 40. Kg1 Re4 41. Nb6 Rg3+ 42. Kf2 Rxh3 43. Rxc4 Rh2+ 44. Kg3 Rxb2 45. Rc7+ Kg6 46. Nd5 Rb3+ 47. Kh4 Rd3 48. Rc6+ Kg7 49. Rc7+ Kf8 50. Nf6 Rxf4+ 51. Kh5 Rg3 52. Kxh6 Rh4+ 53. Nh5 Rgh3 54. Rc8+ Ke7 55. Rc7+ Kd6 0-1

[Event "Early-Titled-Tuesday-Blitz-April-16-2024"]
[Site "Chess.com"]
[Date "2024.04.16"]
[Round "1"]
[White "carloseduar100"]
[Black "vladgoncharov"]
[Result "0-1"]
[WhiteElo "2223"]
[BlackElo "2590"]
[TimeControl "180+1"]
[EndTime "8:06:08 PDT"]
[Termination "vladgoncharov won by resignation"]

1. e4 e6 2. Nf3 d5 3. exd5 exd5 4. d4 Nc6 5. c3 Bd6 6. Bd3 Nge7 7. O-O h6 8. h3 O-O 9. Re1 Bf5 10. a4 Bxd3 11. Qxd3 a6 12. Na3 Ng6 13. Nc2 Na5 14. b4 Nb3 15. Rb1 Nxc1 16. Rbxc1 Qd7 17. Ne3 Nf4 18. Qf5 Qxf5 19. Nxf5 Nd3 20. Nxd6 cxd6 21. Rc2 Nxe1 22.
Nxe1 Rac8 23. Kf1 Rfe8 24. Nd3 g5 25. b5 axb5 26. axb5 Ra8 27. g4 Ra5 28. b6 Rb5 29.
Nb4 Rc8 30. Na2 Rxb6 31. Ke2 Kg7 32. Kd3 Rb5 33. Nb4 Ra5 34. Re2 Kf8 35. f3 Re8 36. Rb2 Re1 37. Nc2 Rf1 38. Ke2 Rh1 39. Rxb7 Ra2 0-1

[Event "Early-Titled-Tuesday-Blitz-April-16-2024"]
[Site "Chess.com"]
[Date "2024.04.16"]
[Round "1"]
[White "Yeritsyaan"]
[Black "Nechitaylo_Nikita"]
[Result "1-0"]
[WhiteElo "2654"]
[BlackElo "2350"]
[TimeControl "180+1"]
[EndTime "8:06:09 PDT"]
[Termination "Yeritsyaan won on time"]

1. c4 c5 2. Nc3 Nc6 3. e3 e5 4. g3 g6 5. Bg2 Bg7 6. Nge2 d6 7. O-O Nge7 8. a3 O-O 9. Rb1 a5 10. b3 Be6 11. Bb2 d5 12. cxd5 Nxd5 13. f4 exf4 14. Nxf4 Nxc3 15. Bxc3 Bxc3 16. dxc3 Qxd1 17. Rfxd1 Bf5 18.
Rb2 Rfd8 19. Rbd2 Bc2 20. Rxd8+ Nxd8 21. Rd5 Rc8 22. b4 cxb4 23. cxb4 axb4 24. axb4 Bb3 25. Rc5 Ra8 26. h4 Ne6 27. Nxe6 Bxe6 28. Bxb7 Rb8 29. Rc7 Rd8 30. b5 Rd1+ 31. Kf2 Rd2+ 32. Ke1 Rb2 33. Bc6 Bc4 34. Rb7 Re2+ 35. Kd1 Rxe3 36. b6 Rd3+ 37. Kc2 Rd6 38. Be4 Ba6 39. Rb8+ Kg7 40. b7 Rb6 41.
Kc3 f5 42. Bd5 Rb5 43. Kd4 1-0

[Event "Early-Titled-Tuesday-Blitz-April-16-2024"]
[Site "Chess.com"]
[Date "2024.04.16"]
[Round "1"]
[White "MokshAD1603"]
[Black "Acva-Alenok"]
[Result "1-0"]
[WhiteElo "2613"]
[BlackElo "2302"]
[TimeControl "180+1"]
[EndTime "8:06:10 PDT"]
[Termination "MokshAD1603 won on time"]

1. d4 Nf6 2. c4 e6 3. Nc3 Bb4 4. Qc2 c5 5. dxc5 Na6 6. Nf3 O-O 7. g3 Nxc5 8. Bg2 b6 9. O-O Bb7 10. Nb5 Nce4 11. Ng5 d5 12. cxd5 exd5 13. Nxe4 dxe4 14. a3 Be7 15. Rd1 Rc8 16. Qa4 Qe8 17. Bf4 a6 18. Nc3 Qxa4 19. Nxa4 b5 20. Nb6 Rc6 21. Nd7 Rfc8 22. Nxf6+ Rxf6 23. Rd7 Bc6 24. Rxe7 Kf8 25. Ra7 Bd5 26. Rd1 1-0